 Dungeon Crawl Stone Soup version 0.30-a0-341-g682706514a (webtiles) character file.

Game seed: 12624629244657408581

249 lunkers the Digger (level 6, 0/45 HPs)
             Began as a Meteoran Earth Elementalist on Nov 1, 2022.
             Was an Initiate of Gozag.
             Succumbed to a scorpion's poison
             ... on level 4 of the Dungeon.
             The game lasted 00:06:37 (1322 turns).

lunkers the Digger (Meteoran Earth Elementalist)    Turns: 1322, Time: 00:06:38

Health: 0/45       AC:  2    Str:  9    XL:     6   Next: 62%
Magic:  1/13       EV: 12    Int: 19    God:    Gozag
Gold:   275        SH:  0    Dex: 15    Spells: 8/14 levels left

rFire   + . .      SeeInvis .    c - staff of fire
rCold   . . .      Faith    .    (no shield)
rNeg    . . .      Spirit   .    a - +0 robe
rPois   .          Reflect  .    (helmet restricted)
rElec   .          Harm     .    r - scarf {repulsion}
rCorr   .          Rampage  .    o - +0 pair of gloves
Will    .....                    (no boots)
Stlth   +.........               (no amulet)
HPRegen 0.27/turn                (no ring)
MPRegen 0.13/turn                (no ring)

@: lethally poisoned (0 -> -2), gold aura, flying, glowing, repel missiles
A: sense surroundings 1, otherworldly, glowing, explore regen, beak, deformed
body, passive freeze
a: Renounce Religion, Potion Petition, Call Merchant, Bribe Branch


You were on level 4 of the Dungeon.
You worshipped Gozag.
Gozag was aware of your devotion.
You visited 1 branch of the dungeon, and saw 4 of its levels.

You collected 368 gold pieces.
You paid 93 gold pieces to Gozag.

Inventory:

Armour
 a - a +0 robe (worn)
 o - a +0 pair of gloves (worn)
 r - a scarf of repulsion (worn)
Magical Staves
 c - a staff of fire (weapon)
 q - a staff of death
Wands
 k - a wand of polymorph (14)
 l - a wand of mindburst (15)
Scrolls
 g - a scroll of fear
 h - a scroll of immolation
 i - a scroll of fog {unknown}
 n - a scroll of blinking {unknown}
 p - a scroll of teleportation {unknown}
Potions
 b - a potion of magic
 d - a potion of degeneration
 e - a potion of attraction
 m - 2 potions of brilliance
 s - a potion of curing {unknown}


   Skills:
 - Level 2.4 Dodging
 - Level 1.4 Stealth
 + Level 4.5 Spellcasting
 + Level 2.4 Conjurations
 - Level 1.2 Transmutations
 * Level 6.5 Earth Magic


You had 8 spell levels left.
You knew the following spells:

 Your Spells              Type           Power      Damage    Failure   Level
a - Sandblast             Erth           58%        2d13      1%          1
b - Passwall              Tmut/Erth      15%        N/A       4%          2
c - Stone Arrow           Conj/Erth      42%        3d9       6%          3

Your spell library contained the following spells:

 Spells                   Type           Power      Damage    Failure   Level
 Freeze                   Ice            16%        1d4       13%         1
 Necrotise                Necr           16%        1d4       13%         1
 Blink                    Tloc           8%         N/A       21%         2
 Cigotuvi's Dreadful Rot  Necr/Pois/Air  8%         N/A       21%         2
 Hailstorm                Conj/Ice       8%         3d4       24%         3
 Petrify                  Tmut/Erth      19%        N/A       26%         4
 Frozen Ramparts          Ice            8%         1d2       36%         3
 Vampiric Draining        Necr           4%         2d6       36%         3
 Dispel Undead            Necr           4%         3d7       78%         4
 Manifold Assault         Tloc           4%         N/A       78%         4
 Agony                    Necr           4%         N/A       98%         5
 Death Channel            Necr           2%         N/A       100%        6
 Storm Form               Tmut/Air       3%         N/A       100%        7


Dungeon Overview and Level Annotations

Branches:
Dungeon (4/15) Zot: 1028
 Temple: D:4-7

Altars:
Gozag
Yredelemnul


Innate Abilities, Weirdness & Mutations

You passively map a small area around you.
You are easily found by Zot.
You glow in the dark.
You regain HP and MP as you explore.
You have a beak for a mouth.
Armour fits poorly on your strangely shaped body.
A frigid envelope surrounds you and freezes all who hurt you.


Message History

You feel very sick. The scorpion stings you.
* * * LOW HITPOINT WARNING * * *
The scorpion stings you.
* * * LOW HITPOINT WARNING * * *
Casting: Sandblast (safe; 1% risk of failure)
Confirm with . or Enter, or press ? or * to list all spells.
Aiming: Stone Arrow (dangerous; 8% risk of failure)
Press: ? - help, Shift-Dir - straight line, f/p - scorpion
Aim: a scorpion (severely wounded, 68% to hit)
The stone arrow misses the scorpion.
* * * LOW MAGIC WARNING * * *
You feel sick. The scorpion completely misses you.
Aiming: Sandblast (safe; 1% risk of failure)
Press: ? - help, Q - select action, (/) - cycle Shift-Dir - straight line, f/p - scorpion
Aim: a scorpion (severely wounded, 83% to hit)
The blast of sand misses the scorpion.
* * * LOW MAGIC WARNING * * *
You feel sick. The scorpion barely misses you. The scorpion stings you.
* * * LOW HITPOINT WARNING * * *
Okay, then.
Aiming: Sandblast (safe; 1% risk of failure)
Press: ? - help, Q - select action, (/) - cycle Shift-Dir - straight line, f/p - scorpion
Aim: a scorpion (severely wounded, 83% to hit)
The blast of sand hits the scorpion!
You kill the scorpion!
* * * LOW MAGIC WARNING * * *
* * * LOW HITPOINT WARNING * * *
You feel sick.
It was a potion of flight.
You feel very buoyant.
You fly up into the air.
* * * LOW HITPOINT WARNING * * *
You feel sick.
It was a potion of mutation.
You feel extremely strange.
Your body twists and deforms.
Your mouth lengthens and hardens into a beak!
Your skin feels very cold.
You die...
Your body crumbles into a pile of gold.

, , ...#.. ,
.,, #..#. * *
#.* ##..#. * *
,, .. .... * $
#.##..., , ,
....# * * #.$#
.####..#####
........$@..#
*
*####.######.#
* *# * #.# , *
#<# * * * *
#.# * #.# #.#
* #.# * * #.#
*


There were no monsters in sight!

Vanquished Creatures
  A scorpion (D:4)
  An orc priest (D:3)
  Terence (D:2)
  An iguana (D:4)
  5 adders
  A worm (D:2)
  5 orcs
  7 ball pythons
  4 bats
  6 endoplasms
  3 giant cockroaches
  6 goblins
  3 hobgoblins
  2 jackals (D:1)
  A quokka (D:2)
  2 frilled lizards
  7 kobolds
  5 rats
61 creatures vanquished.

Vanquished Creatures (others)
  A withered plant (D:3)
1 creature vanquished.

Grand Total: 62 creatures vanquished

Notes
Turn   | Place    | Note
-------+----------+-------------------------------------------
     0 | D:1      | lunkers the Meteoran Earth Elementalist began the quest for
                  | the Orb.
     0 | D:1      | Reached XP level 1. HP: 14/14 MP: 5/5
    36 | D:1      | Reached skill level 4 in Earth Magic
    36 | D:1      | Reached XP level 2. HP: 20/20 MP: 2/6
   252 | D:1      | Reached XP level 3. HP: 26/26 MP: 3/8
   450 | D:2      | Reached skill level 5 in Earth Magic
   450 | D:2      | Reached XP level 4. HP: 33/33 MP: 7/10
   492 | D:2      | Learned a level 2 spell: Passwall
   496 | D:2      | Learned a level 3 spell: Stone Arrow
   518 | D:2      | Noticed Terence
   529 | D:2      | Killed Terence
   549 | D:2      | Reached XP level 5. HP: 38/38 MP: 7/11
   576 | D:2      | Found a faded altar of an unknown god.
   636 | D:2      | Reached skill level 1 in Conjurations
   771 | D:3      | Found an opulent altar of Gozag.
   783 | D:3      | Became a worshipper of Gozag Ym Sagoz the Greedy
   809 | D:3      | Found a basalt altar of Yredelemnul.
  1125 | D:3      | Reached skill level 6 in Earth Magic
  1253 | D:3      | Reached XP level 6. HP: 45/45 MP: 11/13
  1319 | D:4      | HP: 2/45 [scorpion (6)]
  1322 | D:4      | Gained mutation: Armour fits poorly on your strangely
                  | shaped body. [potion of mutation]
  1322 | D:4      | Gained mutation: You have a beak for a mouth. [potion of
                  | mutation]
  1322 | D:4      | Gained mutation: A frigid envelope surrounds you and
                  | freezes all who hurt you. [potion of mutation]
  1322 | D:4      | Succumbed to a scorpion's poison

Illustrated notes

Levels and vault maps discovered:
D:1:      dpeg_arrival_morbid_curiosity, layout_rooms, minivault_14,
          chequers_serial_rivers_micro_a, minmay_close_crescents
D:2:      minmay_skewed_foursquare, layout_basic,
          hellmonk_ecumenical_altar_lost_god, serial_forest,
          infiniplex_forest_straight_2, infiniplex_forest_lined_1,
          infiniplex_forest_end_2, infiniplex_forest_clump_large,
          infiniplex_forest_clump_tiny, infiniplex_forest_straight_5,
          uniq_terence
D:3:      layout_basic, kiku_gazebo_pond_becter, yredelemnul_altar_generic,
          mainiacjoe_overflow_alcove_4, kennysheep_orc_chapel
D:4:      layout_loops_ring, minmay_diced_spiral

Skill      XL: |  1  2  3  4  5  6 |
---------------+-------------------+-----
Earth Magic    | 4 5 6 |  6.5
Spellcasting   | 3 4 |  4.5
Conjurations   | 1 2 |  2.4
Dodging        | |  2.4
Stealth        | |  1.4
Transmutations | |  1.2

Action                   |  1- 3 |  4- 6 || total
-------------------------+-------+-------++-------
Melee: Staff             |    14 |       ||    14
 Cast: Sandblast         |    36 |    58 ||    94
       Stone Arrow       |       |     2 ||     2
  Use: Scroll            |       |     5 ||     5
       Potion            |       |     2 ||     2
Armor: Robe              |     6 |     7 ||    13
Dodge: Dodged            |    16 |     8 ||    24

Table legend: (Time is in decaauts)
 A = Elapsed time spent in this place.
 B = Non-inter-level travel time spent in this place.
 C = Inter-level travel time spent in this place.
 D = Time resting spent in this place.
 E = Time spent auto-exploring this place.
 F = Levels seen in this place.
 G = Mean time per level.
                   A        B        C        D        E       F      G
               +--------+--------+--------+--------+--------+-----+--------+
         Total |   1371 |   1255 |    116 |      0 |    711 |   4 |  342.8 |
       Dungeon |   1371 |   1255 |    116 |      0 |    711 |   4 |  342.8 |
               +--------+--------+--------+--------+--------+-----+--------+

Top non-repeatable levels by time:
     D:3: 654 daAuts
     D:2: 354 daAuts
     D:1: 329 daAuts
     D:4: 31 daAuts
